 Dungeon Crawl Stone Soup version 0.28-a0-845-gfc338a8e3c (webtiles) character file.

Game seed: 9375080219945278130

2362 bande the Chopper (level 9, -2/55 HPs)
             Began as a Gargoyle Fighter on Nov 12, 2021.
             Slain by a yak (3 damage)
             ... on level 6 of the Dungeon on Nov 13, 2021.
             The game lasted 00:12:05 (8876 turns).

bande the Chopper (Gargoyle Fighter)                Turns: 8876, Time: 00:12:06

Health: -2/55      AC: 18    Str: 27    XL:     9   Next: 44%
Magic:  9/9        EV:  8    Int:  9    God:
Gold:   286        SH:  5    Dex: 11    Spells: 8/8 levels left

rFire   + . .      SeeInvis .   p - +2 hand axe (vorpal)
rCold   . . .      Faith    .   c - +0 buckler
rNeg    + . .      Spirit   .   i - +0 chain mail
rPois   ∞          Reflect  .   (no helmet)
rElec   +          Harm     .   (no cloak)
rCorr   .          Rampage  .   k - +0 pair of gloves
Will    .....                   (no boots)
Stlth   ..........              (no amulet)
HPRegen 0.18/turn               n - +6 ring of strength
MPRegen 0.11/turn               s - ring of protection from fire

@: no status effects
A: sickness immunity, AC +6, negative energy resistance 1, electricity
resistance, torment resistance 1, petrification resistance
a: no special abilities


You were on level 6 of the Dungeon.
You visited 1 branch of the dungeon, and saw 7 of its levels.

You collected 299 gold pieces.
You spent 13 gold pieces at shops.

Inventory:

Hand Weapons
 a - a +1 war axe
 h - a +0 war axe
 o - a +0 flail of draining
 p - a +2 vorpal hand axe (weapon)
Armour
 c - a +0 buckler (worn)
 i - a +0 chain mail (worn)
 k - a +0 pair of gloves (worn)
Jewellery
 j - a ring of magical power
 n - a +6 ring of strength (left hand)
 s - a ring of protection from fire (right hand)
 u - a ring of flight
Wands
 r - a wand of iceblast (11)
 x - a wand of acid (11)
Scrolls
 l - a scroll of magic mapping
 q - a scroll of amnesia
 v - 2 scrolls of teleportation
 w - 3 scrolls of identify
Potions
 b - a potion of flight
 d - a potion of might
 e - 3 potions of heal wounds
 f - 2 potions of curing
 g - a potion of haste
 m - a potion of attraction {unknown}
 t - a potion of lignification {unknown}


   Skills:
 + Level 6.1 Fighting
 + Level 7.3 Axes
 + Level 7.2 Armour
 + Level 5.2 Shields
 * Level 4.0 Evocations


You had 8 spell levels left.
You didn't know any spells.
Your spell library contained the following spells:

 Spells                   Type           Power      Damage    Failure   Level
 Magic Dart               Conj           0%         1d3       90%         1
 Searing Ray              Conj           0%         2d4       97%         2
 Conjure Flame            Conj/Fire      0%         6-21      99%         3
 Ignite Poison            Fire/Tmut/Pois 0%         N/A       99%         3
 Fulminant Prism          Conj/Hex       0%         3d6       100%        4
 Sticky Flame             Conj/Fire      0%         2d3       100%        4
 Summon Forest            Summ/Tloc      0%         N/A       100%        5
 Summon Mana Viper        Hex/Summ       0%         N/A       100%        5
 Summon Cactus Giant      Summ           0%         N/A       100%        6


Dungeon Overview and Level Annotations

Branches:
Dungeon (7/15)
 Temple: D:4-7

Altars:
Nemelex Xobeh
Zin

Shops:
D:3 (   D:4 ![*[*


Innate Abilities, Weirdness & Mutations

You are immune to sickness and miasma.
Your stone body is resilient. (AC +6)
You are immune to poison.
You resist negative energy. (rN+)
You are resistant to electric shocks. (rElec)
You are resistant to unholy torment.
You are immune to petrification.


Message History

You hit the yak. The yak closely misses you. The yak gores you.
Unknown command.
You hit the yak.
The yak is severely wounded.
You hit the yak but do no damage. The yak gores you.
The yak gores you but does no damage.
Unknown command.
You hit the yak but do no damage.
The yak is severely wounded.
You barely miss the yak. The yak gores you!
* * * LOW HITPOINT WARNING * * *
The yak closely misses you.
You hit the yak.
The yak is almost dead.
You closely miss the yak. The yak gores you.
* * * LOW HITPOINT WARNING * * *
The yak gores you but does no damage.
Unknown command.
You slash the yak!
You kill the yak!
You hit the yak. The yak gores you but does no damage.
Your Evocations skill increases to level 4!
The yak closely misses you.
You hit the yak.
The yak is severely wounded.
The yak barely misses you.
You hit the yak.
The yak is severely wounded.
The yak gores you!
* * * LOW HITPOINT WARNING * * *
You barely miss the yak.
The yak is severely wounded.
You block the yak's attack.
You completely miss the yak.
The yak is severely wounded.
The yak barely misses you.
You hit the yak.
The yak is almost dead.
The yak gores you.
You die...

#.#.....###...........#
#.#...................#
#.#....#####..........#
#.'....'...'..........#########
###....#####..........#........
#....# #..........#........
#....# ##'##....###........
#....# #Y##....###........
#....# #>@'....'.'........
#....# ####....###........
###### #....# #........ #....#
#........ ###### #........
#........ #........ #########
#....


You could see a yak.

Vanquished Creatures
  Sigmund (D:3)
  5 yaks (D:6)
  An acid dragon (D:5)
  A sky beast (D:5)
  A black bear (D:5)
  2 necrophages (D:5)
  An ogre (D:5)
  2 water moccasin zombies
  A wyvern zombie (D:6)
  2 scorpions
  A wyvern skeleton (D:6)
  A howler monkey (D:6)
  A bullfrog zombie (D:6)
  2 hounds
  A jelly (D:5)
  A bullfrog skeleton (D:6)
  2 iguanas (D:5)
  Jessica (D:2)
  Terence (D:2)
  A scorpion zombie (D:5)
  3 orc wizards
  10 adders
  A shadow imp (D:6)
  3 ufetubi
  3 worms
  2 dart slugs
  10 orcs
  4 bats
  8 endoplasms
  4 giant cockroaches
  9 goblins
  4 hobgoblins
  7 jackals
  6 kobolds
  4 quokkas
  3 ball pythons
  6 frilled lizards
  4 rats
120 creatures vanquished.

Vanquished Creatures (others)
  7 plants (D:2)
7 creatures vanquished.

Grand Total: 127 creatures vanquished

Notes
Turn   | Place    | Note
-------+----------+-------------------------------------------
     0 | D:1      | bande the Gargoyle Fighter began the quest for the Orb.
     0 | D:1      | Reached XP level 1. HP: 14/14 MP: 1/1
   404 | D:1      | Reached XP level 2. HP: 10/19 MP: 2/2
   763 | D:1      | Found a faded altar of an unknown god.
  1241 | D:2      | Noticed Terence
  1252 | D:2      | Killed Terence
  1253 | D:2      | Reached XP level 3. HP: 18/24 MP: 3/3
  1886 | D:2      | Noticed Jessica
  1897 | D:2      | Killed Jessica
  1898 | D:2      | Reached XP level 4. HP: 26/29 MP: 4/4
  2446 | D:2      | Reached XP level 5. HP: 29/33 MP: 5/5
  2837 | D:3      | Found Viutefi's Antique Weapon Emporium.
  3908 | D:3      | Found a sparkling altar of Nemelex Xobeh.
  3908 | D:3      | Noticed Sigmund
  3921 | D:3      | Killed Sigmund
  3922 | D:3      | Reached XP level 6. HP: 34/39 MP: 6/6
  4702 | D:4      | Found a glowing silver altar of Zin.
  4756 | D:4      | Found Soqyth's Assorted Antiques.
  4827 | D:4      | Reached XP level 7. HP: 44/44 MP: 7/7
  4950 | D:4      | Found Zuigog's General Store.
  5147 | D:4      | Found Zeatoage's Armour Emporium.
  5298 | D:4      | Found Acanlo's Armour Emporium.
  5370 | D:4      | Found Caini Wosch's Distillery.
  5382 | D:4      | Bought a potion of degeneration for 13 gold pieces
  5449 | D:5      | Entered Level 5 of the Dungeon
  5552 | D:5      | Reached skill level 5 in Axes
  5558 | D:5      | Reached skill level 5 in Armour
  5675 | D:5      | Reached skill level 1 in Evocations
  5907 | D:5      | You fall into a shaft and drop 1 floor!
  6232 | D:6      | Reached skill level 5 in Fighting
  6232 | D:6      | Reached XP level 8. HP: 38/49 MP: 8/8
  8268 | D:7      | Noticed a yak
  8268 | D:7      | Noticed a yak
  8268 | D:7      | Noticed a yak
  8268 | D:7      | Noticed a yak
  8268 | D:7      | Noticed a yak
  8268 | D:7      | Noticed a yak
  8285 | D:6      | Killed a yak
  8285 | D:6      | Killed a yak
  8286 | D:6      | Reached skill level 5 in Shields
  8286 | D:6      | Reached XP level 9. HP: 26/55 MP: 9/9
  8873 | D:6      | HP: 1/55 [yak (9)]
  8876 | D:6      | Slain by a yak

Illustrated notes

Levels and vault maps discovered:
D:1:      moated_graveyard_arrival, layout_basic,
          hellmonk_ecumenical_altar_inner_sanctum
D:2:      layout_loops_ring, lexackson_kobold_supper, uniq_jessica, uniq_terence
D:3:      minmay_bubble_buster, layout_basic, lemuel_tele_altar, serial_shops,
          nicolae_shop_overgrown_old_shop, minivault_27,
          kennysheep_generic_room_8, uniq_sigmund
D:4:      layout_basic, zin_scriptorium, serial_shops,
          nicolae_shop_behind_doors, kennysheep_mini, nicolae_lakefront_shop,
          nicolae_diamond_shop, nicolae_shop_crystal, kennysheep_pointless_box,
          grunt_ministairs_9
D:5:      layout_basic, kennysheep_potato
D:6:      layout_basic, minmay_misc_feat_diagonals
D:7:      layout_loops_cross, nicolae_sif_muna_little_library,
          nzn_wu_jian_council_hall, marbit_many_paths, minmay_temple_entry_hall

Skill      XL: |  1  2  3  4  5  6  7  8  9 |
---------------+----------------------------+-----
Axes           | 2 3 4 5 7 |  7.3
Armour         | 4 5 6 7 |  7.2
Fighting       | 4 5 6 |  6.1
Shields        | 4 5 |  5.2
Evocations     | 1 3 4 |  4.0

Action                   |  1- 3 |  4- 6 |  7- 9 || total
-------------------------+-------+-------+-------++-------
Melee: War axe           |   102 |   219 |       ||   321
       Hand axe          |       |    14 |   265 ||   279
  Use: Scroll            |     4 |     4 |     4 ||    12
       Potion            |       |       |     1 ||     1
Armor: Chain mail        |    78 |   156 |   148 ||   382
       Scale mail        |     5 |       |       ||     5
Dodge: Dodged            |    40 |    76 |   108 ||   224
Block: Buckler           |    15 |    50 |    58 ||   123

Table legend: (Time is in decaauts)
 A = Elapsed time spent in this place.
 B = Non-inter-level travel time spent in this place.
 C = Inter-level travel time spent in this place.
 D = Time resting spent in this place.
 E = Time spent auto-exploring this place.
 F = Levels seen in this place.
 G = Mean time per level.
                   A        B        C        D        E       F      G
               +--------+--------+--------+--------+--------+-----+--------+
         Total |   8991 |   8701 |    290 |   2006 |   5273 |   7 | 1284.4 |
       Dungeon |   8991 |   8701 |    290 |   2006 |   5273 |   7 | 1284.4 |
               +--------+--------+--------+--------+--------+-----+--------+

Top non-repeatable levels by time:
     D:6: 1774 daAuts
     D:5: 1648 daAuts
     D:3: 1595 daAuts
     D:2: 1567 daAuts
     D:1: 1260 daAuts
     D:4: 1141 daAuts
     D:7: 5 daAuts
